Griffins vs Thunderbirds

Created - March 26, 2025 at 19:17

Goals
1 2 3 T
Griffins 2 1 2 5
Thunderbirds 1 2 0 3
Shots
1 2 3 T
Griffins 17 10 6 33
Thunderbirds 13 14 11 38

1st period

1. Griffins , Grigori Denisenko 13 (Kailer Yamamoto 37, Morgan Frost 37) at 5:21 (PP)
2. Griffins , Matt Puempel 16 (Dominic Turgeon 29) at 15:24
3. Thunderbirds , Joachim Blichfeld 52 (Rourke Chartier 54) at 17:21

Penalties :
Artturi Lehkonen (Spr) for Hooking (Minor) at 4:43, Connor McMichael (Gra) for High sticking (Minor) at 9:23

2nd period

4. Thunderbirds , Rourke Chartier 32 (Joachim Blichfeld 43, Pierre Engvall 23) at 11:20
5. Thunderbirds , Dylan Sikura 21 (Michael Rasmussen 17, Anthony Richard 31) at 12:35
6. Griffins , Sonny Milano 52 (Kevin Fiala 39, Christoffer Ehn 46) at 14:34 (PP)

Penalties :
Ian McCoshen (Gra) for Hooking (Minor) at 2:48, Jeremy Lauzon (Spr) for Holding Stick (Minor) at 14:23

3rd period

7. Griffins , Ian McCoshen 8 (Viktor Lodin 1) at 1:37
8. Griffins , Sonny Milano 53 (Dominic Turgeon 30, Kevin Fiala 40) at 12:09 (PP)

Penalties :
Rasmus Kupari (Spr) for High sticking (Minor) at 4:28, Trey Fix-Wolansky (Spr) for Roughing (Minor) at 11:30, Samuel Poulin (Gra) for Delaying the game (Minor) at 17:40

Goalie Stats

Adam Werner (Gra), 35 saves from 38 shots - (0.921), W, 17-7-2, 60:00 minutes
Emil Larmi (Spr), 28 saves from 33 shots - (0.848), L, 22-21-2, 60:00 minutes

Players Stats for Griffins

Player Name              G  A  P  +/- PIM S  H  SB GA TA FO     MP     PP MP  PK MP  
------------------------------------------------------------------------------------
Christoffer Ehn          0  1  1   0  0   3  1  0  1  0  9/19   18:27   2:18   2:01 
Connor McMichael         0  0  0   1  2   0  1  0  0  0  0/1    11:07   0:00   0:00 
Dominic Turgeon          0  2  2   0  0   1  0  0  0  0  11/14  15:55   2:46   3:01 
Grigori Denisenko        1  0  1   0  0   3  3  1  0  0  0/0    15:19   1:09   0:00 
Ian McCoshen             1  0  1   0  2   4  2  0  1  1  0/0    22:29   0:41   1:48 
Jack Studnicka           0  0  0  -1  0   0  0  1  0  0  1/1     5:21   0:00   0:00 
Joonas Lyytinen          0  0  0  -1  0   3  2  1  1  0  0/0    19:52   0:00   3:16 
Kailer Yamamoto          0  1  1   0  0   2  1  0  0  0  0/2    17:31   1:09   2:01 
Kale Clague              0  0  0   0  0   0  1  2  0  1  0/0    21:32   2:46   0:00 
Kevin Fiala              0  2  2  -1  0   3  2  0  0  2  1/1    23:05   2:18   2:59 
Mathieu Brodeur          0  0  0  -1  0   0  4  2  0  1  0/0    19:52   0:00   3:16 
Matt Puempel             1  0  1   0  0   2  1  0  0  0  0/0    11:00   0:00   0:50 
Morgan Frost             0  1  1  -1  0   2  0  1  2  0  13/23  19:45   1:09   0:29 
Philip Broberg           0  0  0  -1  0   1  0  2  0  0  0/0    10:20   0:00   0:00 
Samuel Poulin            0  0  0   0  2   0  1  0  0  1  0/0    10:07   0:00   0:33 
Sebastian Ahaut          0  0  0   0  0   2  1  1  0  0  0/0    16:38   0:41   0:53 
Sonny Milano             2  0  2  -1  0   5  0  1  2  2  1/1    19:14   2:18   0:00 
Tyler Lewington          0  0  0   1  0   0  0  1  0  0  0/0     7:21   0:00   2:41 
Viktor Lodin             0  1  1   0  0   2  0  0  0  0  1/3     9:05   0:00   0:00 

Players Stats for Thunderbirds

Player Name              G  A  P  +/- PIM S  H  SB GA TA FO     MP     PP MP  PK MP  
------------------------------------------------------------------------------------
Anthony Richard          0  1  1   0  0   3  3  0  0  0  4/18   18:01   2:58   0:35 
Artturi Lehkonen         0  0  0  -1  2   0  3  0  1  0  0/1    10:55   0:00   0:30 
Dylan Blujus             0  0  0   2  0   0  0  2  2  0  0/0    19:29   0:07   1:13 
Dylan Sikura             1  0  1   0  0   6  0  0  0  0  0/0    14:42   0:00   0:35 
Emil Bemstrom            0  0  0  -1  0   5  2  0  3  0  0/0    13:45   2:58   0:00 
Frederic Allard          0  0  0   0  0   1  0  0  0  1  0/0    14:35   0:00   1:24 
Henri Jokiharju          0  0  0  -1  0   0  4  0  0  0  0/0    24:23   2:42   2:14 
Jeremy Lauzon            0  0  0  -1  2   2  0  1  0  2  0/0    27:17   3:15   2:03 
Joachim Blichfeld        1  1  2   2  0   3  0  1  1  0  1/5    20:46   2:59   0:00 
Matt Roy                 0  0  0   2  0   2  1  0  0  1  0/0    18:07   2:42   0:00 
Michael Rasmussen        0  1  1   0  0   2  2  0  0  0  1/2    17:07   2:59   0:00 
Paul Cotter              0  0  0   0  0   1  0  0  0  2  0/1     7:55   0:00   0:00 
Pierre Engvall           0  1  1   2  0   4  2  1  0  1  1/2    23:21   2:58   2:22 
Rasmus Kupari            0  0  0   0  2   1  1  0  0  0  1/4     8:00   0:00   0:00 
Rourke Chartier          1  1  2   2  0   7  3  0  1  0  16/26  20:46   2:59   0:00 
Sami Niku                0  0  0   0  0   0  0  0  0  0  0/0    16:08   3:08   0:00 
Trent Frederic           0  0  0  -1  0   0  0  0  0  0  4/6    12:48   0:00   2:22 
Trey Fix-Wolansky        0  0  0   0  2   1  0  0  0  0  0/0     8:24   0:00   0:30 

3 Stars

1 - Rourke Chartier (Spr)
2 - Sonny Milano (Gra)
3 - Joachim Blichfeld (Spr)

Power Play

Griffins - 3 on 4 Attempt(s) - 75.00%
Thunderbirds - 0 on 3 Attempt(s) - 0.00%

Penalty Kill

Griffins - 3 on 3 Attempt(s) - 100.00% - Score 0 goal in Penalty Kill
Thunderbirds - 1 on 4 Attempt(s) - 25.00% - Score 0 goal in Penalty Kill

Team Stat

Griffins - Hits : 20 - Faceoff Wins : 37 - Blocked Shots : 13 - Penalty Minutes : 6
Thunderbirds - Hits : 21 - Faceoff Wins : 28 - Blocked Shots : 5 - Penalty Minutes : 8

Official

Referees : Kendrick Nicholson and Mitch Dunning
Linesman : Kyle Flemington and Steve Barton

Game Notes

Jack Studnicka is injured at 15:50 of 2nd period (Sprained Right Knee)
1:37 of 3rd period - Griffins goal is going for a video replay. After video review, Goal.

Finance

Level 1 -- Attendance: 2000 (100.00%) -- Ticket Income $140,000
Level 2 -- Attendance: 850 (85.00%) -- Ticket Income $34,000
Total Attendance: 2850 (95.00%)
Total Ticket Income: $174,000
Other Income: $8,700
Total Income: $182,700

Griffins

5 vs 5 Forward 
   Center                   Left Wing                Right Wing               Time % Phy DF OF 
 1 Morgan Frost             Sonny Milano             Kevin Fiala              40     1   2  2  
 2 Christoffer Ehn          Grigori Denisenko        Kailer Yamamoto          30     1   2  2  
 3 Dominic Turgeon          Connor McMichael         Matt Puempel             20     1   2  2  
 4 Viktor Lodin             Jack Studnicka           Samuel Poulin            10     1   2  2  

5 vs 5 Defense 
   Defense                  Defense                                           Time % Phy DF OF 
 1 Ian McCoshen             Kale Clague                                       40     1   2  2  
 2 Mathieu Brodeur          Joonas Lyytinen                                   30     1   2  2  
 3 Philip Broberg           Sebastian Ahaut                                   20     1   2  2  
 4 Tyler Lewington          Sebastian Ahaut                                   10     1   2  2  

PowerPlay Forward 
   Center                   Left Wing                Right Wing               Time % Phy DF OF 
 1 Christoffer Ehn          Sonny Milano             Kevin Fiala              60     1   2  2  
 2 Morgan Frost             Grigori Denisenko        Kailer Yamamoto          40     1   2  2  

PowerPlay Defense
   Defense                  Defense                                           Time % Phy DF OF 
 1 Kale Clague              Dominic Turgeon                                   60     1   2  2  
 2 Ian McCoshen             Sebastian Ahaut                                   40     1   2  2  

Penalty Kill 4 Players Forward 
   Center                   Wing                     Time % Phy DF OF 
 1 Dominic Turgeon          Kevin Fiala              60     1   2  2  
 2 Christoffer Ehn          Kailer Yamamoto          40     1   2  2  

Penalty Kill 4 Players Defense
   Defense                  Defense                  Time % Phy DF OF 
 1 Mathieu Brodeur          Joonas Lyytinen          60     1   2  2  
 2 Tyler Lewington          Ian McCoshen             40     1   2  2  

Penalty Kill - 3 Players Forward 
   Forward                                           Time % Phy DF OF 
 1 Dominic Turgeon                                   60     1   2  2  
 2 Christoffer Ehn                                   40     1   2  2  

Penalty Kill - 3 Players Defense
   Defense                  Defense                  Time % Phy DF OF 
 1 Mathieu Brodeur          Kale Clague              60     1   2  2  
 2 Joonas Lyytinen          Tyler Lewington          40     1   2  2  

4 vs 4 Forward 
   Center                   Wing                     Time % Phy DF OF 
 1 Kevin Fiala              Sonny Milano             60     1   2  2  
 2 Christoffer Ehn          Dominic Turgeon          40     1   2  2  

4 vs 4 Defense
   Defense                  Defense                  Time % Phy DF OF 
 1 Ian McCoshen             Mathieu Brodeur          60     1   2  2  
 2 Sebastian Ahaut          Kale Clague              40     1   2  2  

Last Minutes Offensive
   Center                   Left Wing                Right Wing               Defense                  Defense                  
   Christoffer Ehn          Sonny Milano             Kevin Fiala              Ian McCoshen             Kale Clague              

Last Minutes Defensive
   Center                   Left Wing                Right Wing               Defense                  Defense                  
   Dominic Turgeon          Christoffer Ehn          Jack Studnicka           Ian McCoshen             Mathieu Brodeur          

Goaltenders
Starting : Adam Werner              
Backup : Ivan Prosvetov           

Extra Forwards
Normal : Morgan Frost, Connor McMichael, Kevin Fiala - PP : Connor McMichael, Dominic Turgeon - PK : Samuel Poulin
Extra Defensemen
Normal : Kale Clague, Sebastian Ahaut, Tyler Lewington - PP : Philip Broberg - PK : Sebastian Ahaut, Philip Broberg
Penalty Shots
Sonny Milano, Kevin Fiala, Kailer Yamamoto, Matt Puempel, Christoffer Ehn
Custom OT Lines Forwards
Sonny Milano, Christoffer Ehn, Kevin Fiala, Kailer Yamamoto, Morgan Frost, Dominic Turgeon, Matt Puempel, Connor McMichael, Grigori Denisenko, Jack Studnicka
Custom OT Lines Defensemen
Ian McCoshen, Mathieu Brodeur, Kale Clague, Sebastian Ahaut, Philip Broberg

Scratches
Brycen Martin (Suspend), Scott Reedy (Healthy), Jack Ramsey (Healthy), Michael Bunting (Healthy), Conor Timmins (Healthy)
Oskar Steen (Healthy), Nick Swaney (Healthy), Dominik Bokk (Healthy), Vladislav Kolyachonok (Healthy), Philippe Desrosiers (Healthy)

Thunderbirds

5 vs 5 Forward 
   Center                   Left Wing                Right Wing               Time % Phy DF OF 
 1 Rourke Chartier          Pierre Engvall           Joachim Blichfeld        40     1   2  2  
 2 Anthony Richard          Michael Rasmussen        Dylan Sikura             30     1   2  2  
 3 Trent Frederic           Artturi Lehkonen         Emil Bemstrom            20     1   2  2  
 4 Rasmus Kupari            Paul Cotter              Trey Fix-Wolansky        10     1   2  2  

5 vs 5 Defense 
   Defense                  Defense                                           Time % Phy DF OF 
 1 Jeremy Lauzon            Henri Jokiharju                                   40     1   2  2  
 2 Dylan Blujus             Matt Roy                                          30     1   2  2  
 3 Frederic Allard          Sami Niku                                         20     1   2  2  
 4 Jeremy Lauzon            Dylan Blujus                                      10     1   2  2  

PowerPlay Forward 
   Center                   Left Wing                Right Wing               Time % Phy DF OF 
 1 Rourke Chartier          Michael Rasmussen        Joachim Blichfeld        60     1   2  2  
 2 Anthony Richard          Pierre Engvall           Emil Bemstrom            40     1   2  2  

PowerPlay Defense
   Defense                  Defense                                           Time % Phy DF OF 
 1 Sami Niku                Jeremy Lauzon                                     60     1   2  2  
 2 Matt Roy                 Henri Jokiharju                                   40     1   2  2  

Penalty Kill 4 Players Forward 
   Center                   Wing                     Time % Phy DF OF 
 1 Trent Frederic           Pierre Engvall           60     1   2  2  
 2 Anthony Richard          Dylan Sikura             40     1   2  2  

Penalty Kill 4 Players Defense
   Defense                  Defense                  Time % Phy DF OF 
 1 Henri Jokiharju          Jeremy Lauzon            60     1   2  2  
 2 Dylan Blujus             Frederic Allard          40     1   2  2  

Penalty Kill - 3 Players Forward 
   Forward                                           Time % Phy DF OF 
 1 Trent Frederic                                    60     1   2  2  
 2 Anthony Richard                                   40     1   2  2  

Penalty Kill - 3 Players Defense
   Defense                  Defense                  Time % Phy DF OF 
 1 Dylan Blujus             Henri Jokiharju          60     1   2  2  
 2 Jeremy Lauzon            Frederic Allard          40     1   2  2  

4 vs 4 Forward 
   Center                   Wing                     Time % Phy DF OF 
 1 Rourke Chartier          Michael Rasmussen        60     1   2  2  
 2 Anthony Richard          Pierre Engvall           40     1   2  2  

4 vs 4 Defense
   Defense                  Defense                  Time % Phy DF OF 
 1 Henri Jokiharju          Dylan Blujus             60     1   2  2  
 2 Matt Roy                 Jeremy Lauzon            40     1   2  2  

Last Minutes Offensive
   Center                   Left Wing                Right Wing               Defense                  Defense                  
   Rourke Chartier          Pierre Engvall           Joachim Blichfeld        Jeremy Lauzon            Sami Niku                

Last Minutes Defensive
   Center                   Left Wing                Right Wing               Defense                  Defense                  
   Trent Frederic           Artturi Lehkonen         Pierre Engvall           Henri Jokiharju          Frederic Allard          

Goaltenders
Starting : Emil Larmi               
Backup : Magnus Hellberg          

Extra Forwards
Normal : Rasmus Kupari, Dylan Sikura, Trey Fix-Wolansky - PP : Trent Frederic, Artturi Lehkonen - PK : Trey Fix-Wolansky
Extra Defensemen
Normal : Frederic Allard, Sami Niku, Jeremy Lauzon - PP : Sami Niku - PK : Frederic Allard, Dylan Blujus
Penalty Shots
Rourke Chartier, Anthony Richard, Joachim Blichfeld, Trey Fix-Wolansky, Rasmus Kupari
Custom OT Lines Forwards
Rourke Chartier, Pierre Engvall, Dylan Sikura, Joachim Blichfeld, Anthony Richard, Trent Frederic, Artturi Lehkonen, Michael Rasmussen, Emil Bemstrom, Paul Cotter
Custom OT Lines Defensemen
Jeremy Lauzon, Henri Jokiharju, Dylan Blujus, Frederic Allard, Matt Roy

Scratches
Nathan Smith (Healthy), Calen Addison (Healthy), Alex Vlasic (Healthy), Jakob Pelletier (Healthy), Rafael Harvey-Pinard (Healthy)
Nicholas Robertson (Healthy), Arturs Silovs (Healthy)

% Time on Ice - Griffins

Lines # - Real PCT - Wanted PCT - Time Play
Normal Forward
1 - 36% - 40% - 18:06
2 - 29% - 30% - 14:28
3 - 18% - 20% - 8:57
4 - 18% - 10% - 9:05
Normal Defense
1 - 39% - 40% - 19:44
2 - 32% - 30% - 16:02
3 - 20% - 20% - 10:20
4 - 9% - 10% - 4:30
PP Forward
1 - 67% - 60% - 2:18
2 - 33% - 40% - 1:09
PP Defense
1 - 80% - 60% - 2:46
2 - 20% - 40% - 0:41
PK Forward
1 - 66% - 60% - 3:56
2 - 34% - 40% - 2:01
PK Defense
1 - 55% - 60% - 3:16
2 - 45% - 40% - 2:41
PK3 Forward
1 - 0% - 60%
2 - 0% - 40%
PK3 Defense
1 - 0% - 60%
2 - 0% - 40%
44 Forward
1 - 0% - 60%
2 - 0% - 40%
44 Defense
1 - 0% - 60%
2 - 0% - 40%
Last Minute Offensive  - 0:00
Last Minute Defensive  - 0:00
Total
Forward - 60:00
Defense - 60:00

% Time on Ice - Thunderbirds

Lines # - Real PCT - Wanted PCT - Time Play
Normal Forward
1 - 35% - 40% - 17:47
2 - 29% - 30% - 14:28
3 - 21% - 20% - 10:26
4 - 16% - 10% - 7:55
Normal Defense
1 - 39% - 40% - 19:51
2 - 30% - 30% - 15:25
3 - 24% - 20% - 12:09
4 - 6% - 10% - 3:11
PP Forward
1 - 50% - 60% - 2:59
2 - 50% - 40% - 2:58
PP Defense
1 - 55% - 60% - 3:15
2 - 45% - 40% - 2:42
PK Forward
1 - 83% - 60% - 2:52
2 - 17% - 40% - 0:35
PK Defense
1 - 65% - 60% - 2:14
2 - 35% - 40% - 1:13
PK3 Forward
1 - 0% - 60%
2 - 0% - 40%
PK3 Defense
1 - 0% - 60%
2 - 0% - 40%
44 Forward
1 - 0% - 60%
2 - 0% - 40%
44 Defense
1 - 0% - 60%
2 - 0% - 40%
Last Minute Offensive  - 0:00
Last Minute Defensive  - 0:00
Total
Forward - 60:00
Defense - 60:00

Play-by-Play

1st period


0:01 of 1st period - Rourke Chartier wins face-off versus Morgan Frost in neutral zone.
0:15 of 1st period - Kevin Fiala is hit by Rourke Chartier.
0:48 of 1st period - Dylan Blujus is hit by Mathieu Brodeur and loses puck.
1:20 of 1st period - Icing by Mathieu Brodeur.
1:21 of 1st period - Jack Studnicka wins face-off versus Rasmus Kupari in Griffins zone.
1:52 of 1st period - Snap shot by Viktor Lodin.
1:52 of 1st period - Stopped by Emil Larmi with a rebound.
1:58 of 1st period - Snap shot by Trey Fix-Wolansky.
1:58 of 1st period - Shot Blocked by Mathieu Brodeur.
2:00 of 1st period - Snap shot by Trey Fix-Wolansky.
2:00 of 1st period - Deflect By Rasmus Kupari.
2:00 of 1st period - Stopped by Adam Werner without a rebound.
2:01 of 1st period - Morgan Frost wins face-off versus Anthony Richard in Griffins zone.
2:27 of 1st period - Jeremy Lauzon is hit by Sebastian Ahaut and loses puck.
2:36 of 1st period - Snap shot by Rourke Chartier.
2:36 of 1st period - Stopped by Adam Werner with a rebound.
2:38 of 1st period - Snap shot by Pierre Engvall.
2:38 of 1st period - Shot Blocked by Philip Broberg.
3:35 of 1st period - Snap shot by Paul Cotter.
3:35 of 1st period - Stopped by Adam Werner with a rebound.
3:37 of 1st period - Slapshot by Pierre Engvall.
3:37 of 1st period - Shot Blocked by Tyler Lewington.
3:45 of 1st period - Slapshot by Joachim Blichfeld.
3:45 of 1st period - Deflect By Sebastian Ahaut.
3:45 of 1st period - Shot Misses the Net.
3:45 of 1st period - Puck is out of play.
3:46 of 1st period - Sonny Milano wins face-off versus Anthony Richard in Griffins zone.
4:43 of 1st period - Minor Penalty to Artturi Lehkonen for Hooking.
4:44 of 1st period - Trent Frederic wins face-off versus Christoffer Ehn in Thunderbirds zone.
4:59 of 1st period - Pierre Engvall is hit by Kevin Fiala.
5:21 of 1st period - Wrist shot by Kailer Yamamoto.
5:21 of 1st period - Deflect By Grigori Denisenko.
5:21 of 1st period - Goal by Grigori Denisenko - Griffins : 1 - Thunderbirds : 0.
5:22 of 1st period - Rourke Chartier wins face-off versus Morgan Frost in neutral zone.
6:27 of 1st period - Icing by Frederic Allard.
6:28 of 1st period - Dominic Turgeon wins face-off versus Rasmus Kupari in Thunderbirds zone.
6:53 of 1st period - Sami Niku is hit by Grigori Denisenko and loses puck.
7:02 of 1st period - Snap shot by Christoffer Ehn.
7:02 of 1st period - Stopped by Emil Larmi with a rebound.
7:10 of 1st period - Snap shot by Paul Cotter.
7:10 of 1st period - Deflect By Trey Fix-Wolansky.
7:10 of 1st period - Shot Misses the Net.
7:10 of 1st period - Puck is out of play.
7:11 of 1st period - Morgan Frost wins face-off versus Joachim Blichfeld in Griffins zone.
7:58 of 1st period - Kailer Yamamoto is hit by Michael Rasmussen and loses puck.
8:17 of 1st period - Wrist shot by Dominic Turgeon.
8:17 of 1st period - Stopped by Emil Larmi without a rebound.
8:18 of 1st period - Morgan Frost wins face-off versus Rourke Chartier in Thunderbirds zone.
8:21 of 1st period - Snap shot by Kevin Fiala.
8:21 of 1st period - Stopped by Emil Larmi without a rebound.
8:22 of 1st period - Rourke Chartier wins face-off versus Morgan Frost in Thunderbirds zone.
9:07 of 1st period - Snap shot by Emil Bemstrom.
9:07 of 1st period - Stopped by Adam Werner with a rebound.
9:09 of 1st period - Snap shot by Matt Roy.
9:09 of 1st period - Shot Blocked by Kale Clague.
9:11 of 1st period - Backhand shot by Artturi Lehkonen.
9:11 of 1st period - Shot Misses the Net.
9:23 of 1st period - Minor Penalty to Connor McMichael for High sticking.
9:24 of 1st period - Dominic Turgeon wins face-off versus Rourke Chartier in Griffins zone.
9:55 of 1st period - Snap shot by Anthony Richard.
9:55 of 1st period - Stopped by Adam Werner without a rebound.
9:56 of 1st period - Dominic Turgeon wins face-off versus Joachim Blichfeld in Griffins zone.
9:56 of 1st period - Dominic Turgeon is hit by Henri Jokiharju.
11:23 of 1st period - Penalty to Connor McMichael is over, Connor McMichael is back on ice.
11:45 of 1st period - Wrist shot by Morgan Frost.
11:45 of 1st period - Shot Misses the Net.
12:09 of 1st period - Slapshot by Emil Bemstrom.
12:09 of 1st period - Stopped by Adam Werner without a rebound.
12:10 of 1st period - Anthony Richard wins face-off versus Viktor Lodin in Griffins zone.
12:11 of 1st period - Snap shot by Michael Rasmussen.
12:11 of 1st period - Deflect By Dylan Sikura.
12:11 of 1st period - Shot Misses the Net.
12:11 of 1st period - Puck is out of play.
12:12 of 1st period - Anthony Richard wins face-off versus Viktor Lodin in Griffins zone.
12:15 of 1st period - Snap shot by Anthony Richard.
12:15 of 1st period - Stopped by Adam Werner with a rebound.
12:17 of 1st period - Snap shot by Anthony Richard.
12:17 of 1st period - Deflect By Michael Rasmussen.
12:17 of 1st period - Stopped by Adam Werner with a rebound.
12:19 of 1st period - Slapshot by Dylan Sikura.
12:19 of 1st period - Stopped by Adam Werner without a rebound.
12:20 of 1st period - Morgan Frost wins face-off versus Rourke Chartier in Griffins zone.
12:25 of 1st period - Dylan Blujus is hit by Joonas Lyytinen.
12:29 of 1st period - Snap shot by Rourke Chartier.
12:29 of 1st period - Shot Blocked by Joonas Lyytinen.
12:31 of 1st period - Wrist shot by Rourke Chartier.
12:31 of 1st period - Shot Misses the Net.
12:33 of 1st period - Snap shot by Joachim Blichfeld.
12:33 of 1st period - Shot Misses the Net.
12:37 of 1st period - Snap shot by Joachim Blichfeld.
12:37 of 1st period - Shot Misses the Net.
13:13 of 1st period - Icing by Mathieu Brodeur.
13:14 of 1st period - Morgan Frost wins face-off versus Paul Cotter in Griffins zone.
13:31 of 1st period - Snap shot by Sonny Milano.
13:31 of 1st period - Shot Hit the Post.
13:33 of 1st period - Slapshot by Joonas Lyytinen.
13:33 of 1st period - Stopped by Emil Larmi with a rebound.
13:35 of 1st period - Slapshot by Joonas Lyytinen.
13:35 of 1st period - Stopped by Emil Larmi without a rebound.
13:36 of 1st period - Rourke Chartier wins face-off versus Christoffer Ehn in Thunderbirds zone.
13:43 of 1st period - Wrist shot by Joachim Blichfeld.
13:43 of 1st period - Stopped by Adam Werner with a rebound.
13:45 of 1st period - Snap shot by Pierre Engvall.
13:45 of 1st period - Stopped by Adam Werner without a rebound.
13:46 of 1st period - Christoffer Ehn wins face-off versus Rourke Chartier in Griffins zone.
14:46 of 1st period - Icing by Kale Clague.
14:47 of 1st period - Christoffer Ehn wins face-off versus Anthony Richard in Griffins zone.
15:16 of 1st period - Slapshot by Kevin Fiala.
15:16 of 1st period - Shot Misses the Net.
15:18 of 1st period - Snap shot by Ian McCoshen.
15:18 of 1st period - Stopped by Emil Larmi with a rebound.
15:20 of 1st period - Slapshot by Kale Clague.
15:20 of 1st period - Shot Misses the Net.
15:22 of 1st period - Slapshot by Ian McCoshen.
15:22 of 1st period - Stopped by Emil Larmi without a rebound.
15:23 of 1st period - Dominic Turgeon wins face-off versus Michael Rasmussen in Thunderbirds zone.
15:24 of 1st period - Wrist shot by Matt Puempel.
15:24 of 1st period - Goal by Matt Puempel - Griffins : 2 - Thunderbirds : 0.
15:25 of 1st period - Morgan Frost wins face-off versus Rourke Chartier in neutral zone.
15:25 of 1st period - Morgan Frost is hit by Rourke Chartier.
15:29 of 1st period - Slapshot by Sonny Milano.
15:29 of 1st period - Stopped by Emil Larmi with a rebound.
16:13 of 1st period - Off-side.
16:14 of 1st period - Michael Rasmussen wins face-off versus Dominic Turgeon in neutral zone.
16:18 of 1st period - Off-side.
16:19 of 1st period - Dominic Turgeon wins face-off versus Pierre Engvall in neutral zone.
16:22 of 1st period - Wrist shot by Dominic Turgeon.
16:22 of 1st period - Shot Misses the Net.
17:14 of 1st period - Snap shot by Sonny Milano.
17:14 of 1st period - Deflect By Morgan Frost.
17:14 of 1st period - Shot Misses the Net.
17:14 of 1st period - Puck is out of play.
17:15 of 1st period - Rourke Chartier wins face-off versus Morgan Frost in Thunderbirds zone.
17:15 of 1st period - Rourke Chartier is hit by Kevin Fiala.
17:21 of 1st period - Snap shot by Joachim Blichfeld.
17:21 of 1st period - Goal by Joachim Blichfeld - Griffins : 2 - Thunderbirds : 1.
17:22 of 1st period - Morgan Frost wins face-off versus Joachim Blichfeld in neutral zone.
18:11 of 1st period - Wrist shot by Kailer Yamamoto.
18:11 of 1st period - Stopped by Emil Larmi with a rebound.
18:13 of 1st period - Wrist shot by Philip Broberg.
18:13 of 1st period - Stopped by Emil Larmi with a rebound.
18:15 of 1st period - Snap shot by Grigori Denisenko.
18:15 of 1st period - Stopped by Emil Larmi with a rebound.
18:17 of 1st period - Snap shot by Kailer Yamamoto.
18:17 of 1st period - Shot Blocked by Dylan Blujus.
18:19 of 1st period - Wrist shot by Christoffer Ehn.
18:19 of 1st period - Shot Misses the Net.
18:39 of 1st period - Wrist shot by Emil Bemstrom.
18:39 of 1st period - Shot Misses the Net.
18:54 of 1st period - Off-side.
18:55 of 1st period - Rourke Chartier wins face-off versus Morgan Frost in neutral zone.
19:04 of 1st period - Henri Jokiharju is hit by Kale Clague and loses puck.
19:11 of 1st period - Slapshot by Sonny Milano.
19:11 of 1st period - Shot Blocked by Joachim Blichfeld.
19:13 of 1st period - Snap shot by Kevin Fiala.
19:13 of 1st period - Stopped by Emil Larmi without a rebound.
19:14 of 1st period - Dominic Turgeon wins face-off versus Anthony Richard in Thunderbirds zone.
19:19 of 1st period - Snap shot by Matt Puempel.
19:19 of 1st period - Stopped by Emil Larmi without a rebound.
19:20 of 1st period - Anthony Richard wins face-off versus Connor McMichael in Thunderbirds zone.
19:20 of 1st period - Anthony Richard is hit by Matt Puempel.
19:28 of 1st period - Wrist shot by Dylan Sikura.
19:28 of 1st period - Stopped by Adam Werner without a rebound.
19:29 of 1st period - Pierre Engvall wins face-off versus Morgan Frost in Griffins zone.
19:36 of 1st period - Wrist shot by Morgan Frost.
19:36 of 1st period - Stopped by Emil Larmi without a rebound.
19:37 of 1st period - Morgan Frost wins face-off versus Rourke Chartier in Thunderbirds zone.
19:40 of 1st period - Snap shot by Kevin Fiala.
19:40 of 1st period - Shot Misses the Net.
Goals for this period are 2 for Griffins vs 1 for Thunderbirds.
Shots for this period are 17 for Griffins vs 13 for Thunderbirds.

2nd period


0:01 of 2nd period - Morgan Frost wins face-off versus Anthony Richard in neutral zone.
0:26 of 2nd period - Mathieu Brodeur is hit by Artturi Lehkonen and loses puck.
0:37 of 2nd period - Backhand shot by Sonny Milano.
0:37 of 2nd period - Shot Misses the Net.
0:39 of 2nd period - Snap shot by Kevin Fiala.
0:39 of 2nd period - Stopped by Emil Larmi with a rebound.
0:41 of 2nd period - Snap shot by Sebastian Ahaut.
0:41 of 2nd period - Shot Blocked by Jeremy Lauzon.
1:08 of 2nd period - Slapshot by Artturi Lehkonen.
1:08 of 2nd period - Shot Blocked by Morgan Frost.
1:10 of 2nd period - Snap shot by Trent Frederic.
1:10 of 2nd period - Deflect By Emil Bemstrom.
1:10 of 2nd period - Shot Misses the Net.
1:10 of 2nd period - Puck is out of play.
1:11 of 2nd period - Joachim Blichfeld wins face-off versus Christoffer Ehn in Griffins zone.
1:14 of 2nd period - Snap shot by Joachim Blichfeld.
1:14 of 2nd period - Shot Misses the Net.
1:16 of 2nd period - Snap shot by Pierre Engvall.
1:16 of 2nd period - Stopped by Adam Werner without a rebound.
1:17 of 2nd period - Rourke Chartier wins face-off versus Christoffer Ehn in Griffins zone.
1:42 of 2nd period - Dylan Blujus is hit by Mathieu Brodeur and loses puck.
2:07 of 2nd period - Snap shot by Pierre Engvall.
2:07 of 2nd period - Deflect By Mathieu Brodeur.
2:07 of 2nd period - Shot Misses the Net.
2:07 of 2nd period - Puck is out of play.
2:08 of 2nd period - Dominic Turgeon wins face-off versus Anthony Richard in Griffins zone.
2:35 of 2nd period - Artturi Lehkonen is hit by Christoffer Ehn and loses puck.
2:48 of 2nd period - Minor Penalty to Ian McCoshen for Hooking.
2:49 of 2nd period - Rourke Chartier wins face-off versus Dominic Turgeon in Griffins zone.
3:04 of 2nd period - Slapshot by Rourke Chartier.
3:04 of 2nd period - Shot Misses the Net.
3:06 of 2nd period - Slapshot by Jeremy Lauzon.
3:06 of 2nd period - Stopped by Adam Werner with a rebound.
4:26 of 2nd period - Wrist shot by Christoffer Ehn.
4:26 of 2nd period - Stopped by Emil Larmi without a rebound.
4:27 of 2nd period - Rourke Chartier wins face-off versus Kailer Yamamoto in Thunderbirds zone.
4:48 of 2nd period - Penalty to Ian McCoshen is over, Ian McCoshen is back on ice.
5:26 of 2nd period - Snap shot by Trey Fix-Wolansky.
5:26 of 2nd period - Shot Misses the Net.
5:38 of 2nd period - Backhand shot by Ian McCoshen.
5:38 of 2nd period - Stopped by Emil Larmi without a rebound.
5:39 of 2nd period - Christoffer Ehn wins face-off versus Anthony Richard in Thunderbirds zone.
5:40 of 2nd period - Wrist shot by Grigori Denisenko.
5:40 of 2nd period - Stopped by Emil Larmi with a rebound.
5:42 of 2nd period - Slapshot by Sebastian Ahaut.
5:42 of 2nd period - Stopped by Emil Larmi with a rebound.
5:44 of 2nd period - Snap shot by Kailer Yamamoto.
5:44 of 2nd period - Shot Misses the Net.
6:17 of 2nd period - Wrist shot by Rourke Chartier.
6:17 of 2nd period - Shot Misses the Net.
6:19 of 2nd period - Slapshot by Dylan Blujus.
6:19 of 2nd period - Shot Misses the Net.
6:31 of 2nd period - Slapshot by Artturi Lehkonen.
6:31 of 2nd period - Shot Blocked by Sebastian Ahaut.
7:01 of 2nd period - Philip Broberg is hit by Pierre Engvall and loses puck.
7:20 of 2nd period - Dylan Sikura is hit by Samuel Poulin and loses puck.
7:33 of 2nd period - Paul Cotter is hit by Grigori Denisenko and loses puck.
7:40 of 2nd period - Christoffer Ehn is hit by Rasmus Kupari and loses puck.
7:55 of 2nd period - Dominic Turgeon is hit by Matt Roy and loses puck.
8:14 of 2nd period - Wrist shot by Emil Bemstrom.
8:14 of 2nd period - Stopped by Adam Werner with a rebound.
8:16 of 2nd period - Snap shot by Matt Roy.
8:16 of 2nd period - Stopped by Adam Werner with a rebound.
8:18 of 2nd period - Slapshot by Matt Roy.
8:18 of 2nd period - Stopped by Adam Werner without a rebound.
8:19 of 2nd period - Morgan Frost wins face-off versus Trent Frederic in Griffins zone.
8:32 of 2nd period - Snap shot by Sonny Milano.
8:32 of 2nd period - Stopped by Emil Larmi without a rebound.
8:33 of 2nd period - Rourke Chartier wins face-off versus Kailer Yamamoto in Thunderbirds zone.
9:00 of 2nd period - Joonas Lyytinen is hit by Michael Rasmussen and loses puck.
9:18 of 2nd period - Off-side.
9:19 of 2nd period - Dominic Turgeon wins face-off versus Artturi Lehkonen in neutral zone.
9:50 of 2nd period - Off-side.
9:51 of 2nd period - Christoffer Ehn wins face-off versus Anthony Richard in neutral zone.
10:07 of 2nd period - Dylan Sikura is hit by Grigori Denisenko and loses puck.
10:23 of 2nd period - Morgan Frost is hit by Rourke Chartier.
10:58 of 2nd period - Snap shot by Pierre Engvall.
10:58 of 2nd period - Stopped by Adam Werner with a rebound.
11:00 of 2nd period - Snap shot by Joachim Blichfeld.
11:00 of 2nd period - Shot Hit the Post.
11:02 of 2nd period - Snap shot by Joachim Blichfeld.
11:02 of 2nd period - Shot Blocked by Jack Studnicka.
11:04 of 2nd period - Wrist shot by Rourke Chartier.
11:04 of 2nd period - Stopped by Adam Werner with a rebound.
11:20 of 2nd period - Backhand shot by Rourke Chartier.
11:20 of 2nd period - Goal by Rourke Chartier - Griffins : 2 - Thunderbirds : 2.
11:21 of 2nd period - Morgan Frost wins face-off versus Anthony Richard in neutral zone.
11:54 of 2nd period - Slapshot by Jeremy Lauzon.
11:54 of 2nd period - Stopped by Adam Werner with a rebound.
11:58 of 2nd period - Wrist shot by Emil Bemstrom.
11:58 of 2nd period - Stopped by Adam Werner without a rebound.
11:59 of 2nd period - Morgan Frost wins face-off versus Rasmus Kupari in Griffins zone.
12:25 of 2nd period - Icing by Matt Roy.
12:26 of 2nd period - Dominic Turgeon wins face-off versus Anthony Richard in Thunderbirds zone.
12:35 of 2nd period - Slapshot by Michael Rasmussen.
12:35 of 2nd period - Deflect By Dylan Sikura.
12:35 of 2nd period - Goal by Dylan Sikura - Griffins : 2 - Thunderbirds : 3.
12:36 of 2nd period - Christoffer Ehn wins face-off versus Rourke Chartier in neutral zone.
13:12 of 2nd period - Snap shot by Anthony Richard.
13:12 of 2nd period - Shot Blocked by Kale Clague.
13:33 of 2nd period - Snap shot by Rasmus Kupari.
13:33 of 2nd period - Shot Misses the Net.
13:35 of 2nd period - Slapshot by Frederic Allard.
13:35 of 2nd period - Deflect By Kale Clague.
13:35 of 2nd period - Stopped by Adam Werner without a rebound.
13:36 of 2nd period - Rourke Chartier wins face-off versus Christoffer Ehn in Griffins zone.
14:23 of 2nd period - Minor Penalty to Jeremy Lauzon for Holding Stick.
14:24 of 2nd period - Christoffer Ehn wins face-off versus Trent Frederic in Thunderbirds zone.
14:34 of 2nd period - Wrist shot by Sonny Milano.
14:34 of 2nd period - Goal by Sonny Milano - Griffins : 3 - Thunderbirds : 3.
14:35 of 2nd period - Rourke Chartier wins face-off versus Morgan Frost in neutral zone.
14:51 of 2nd period - Mathieu Brodeur is hit by Henri Jokiharju and loses puck.
15:02 of 2nd period - Joachim Blichfeld is hit by Kailer Yamamoto and loses puck.
15:15 of 2nd period - Wrist shot by Kailer Yamamoto.
15:15 of 2nd period - Shot Misses the Net.
15:49 of 2nd period - Jack Studnicka is hit by Artturi Lehkonen and loses puck.
15:50 of 2nd period - Jack Studnicka from Griffins is injured at 15:50 of 2nd period (Sprained Right Knee).
15:51 of 2nd period - Morgan Frost wins face-off versus Anthony Richard in Griffins zone.
15:56 of 2nd period - Henri Jokiharju is hit by Ian McCoshen and loses puck.
16:03 of 2nd period - Wrist shot by Dylan Sikura.
16:03 of 2nd period - Stopped by Adam Werner with a rebound.
16:05 of 2nd period - Wrist shot by Anthony Richard.
16:05 of 2nd period - Stopped by Adam Werner without a rebound.
16:06 of 2nd period - Christoffer Ehn wins face-off versus Rourke Chartier in Griffins zone.
16:06 of 2nd period - Christoffer Ehn is hit by Henri Jokiharju.
16:11 of 2nd period - Off-side.
16:12 of 2nd period - Christoffer Ehn wins face-off versus Rourke Chartier in neutral zone.
16:17 of 2nd period - Wrist shot by Joonas Lyytinen.
16:17 of 2nd period - Stopped by Emil Larmi with a rebound.
16:45 of 2nd period - Slapshot by Sonny Milano.
16:45 of 2nd period - Stopped by Emil Larmi with a rebound.
16:47 of 2nd period - Snap shot by Morgan Frost.
16:47 of 2nd period - Stopped by Emil Larmi without a rebound.
16:48 of 2nd period - Rourke Chartier wins face-off versus Dominic Turgeon in Thunderbirds zone.
17:13 of 2nd period - Sonny Milano is hit by Anthony Richard and loses puck.
18:44 of 2nd period - Wrist shot by Rourke Chartier.
18:44 of 2nd period - Shot Blocked by Philip Broberg.
18:59 of 2nd period - Icing by Sonny Milano.
19:00 of 2nd period - Trent Frederic wins face-off versus Morgan Frost in Griffins zone.
19:15 of 2nd period - Snap shot by Kevin Fiala.
19:15 of 2nd period - Shot Misses the Net.
19:17 of 2nd period - Wrist shot by Sonny Milano.
19:17 of 2nd period - Deflect By Morgan Frost.
19:17 of 2nd period - Shot Misses the Net.
19:17 of 2nd period - Puck is out of play.
19:18 of 2nd period - Rourke Chartier wins face-off versus Christoffer Ehn in Thunderbirds zone.
19:45 of 2nd period - Matt Puempel is hit by Anthony Richard and loses puck.
Goals for this period are 1 for Griffins vs 2 for Thunderbirds.
Shots for this period are 10 for Griffins vs 14 for Thunderbirds.

3rd period


0:01 of 3rd period - Rourke Chartier wins face-off versus Morgan Frost in neutral zone.
0:04 of 3rd period - Slapshot by Dylan Blujus.
0:04 of 3rd period - Shot Blocked by Mathieu Brodeur.
0:06 of 3rd period - Wrist shot by Rourke Chartier.
0:06 of 3rd period - Stopped by Adam Werner without a rebound.
0:07 of 3rd period - Rourke Chartier wins face-off versus Morgan Frost in Griffins zone.
0:12 of 3rd period - Wrist shot by Rourke Chartier.
0:12 of 3rd period - Stopped by Adam Werner with a rebound.
0:14 of 3rd period - Snap shot by Pierre Engvall.
0:14 of 3rd period - Stopped by Adam Werner with a rebound.
0:16 of 3rd period - Wrist shot by Rourke Chartier.
0:16 of 3rd period - Stopped by Adam Werner with a rebound.
0:18 of 3rd period - Snap shot by Rourke Chartier.
0:18 of 3rd period - Stopped by Adam Werner with a rebound.
0:32 of 3rd period - Snap shot by Joachim Blichfeld.
0:32 of 3rd period - Shot Blocked by Sonny Milano.
0:34 of 3rd period - Slapshot by Pierre Engvall.
0:34 of 3rd period - Shot Misses the Net.
1:02 of 3rd period - Snap shot by Joachim Blichfeld.
1:02 of 3rd period - Stopped by Adam Werner without a rebound.
1:03 of 3rd period - Anthony Richard wins face-off versus Christoffer Ehn in Griffins zone.
1:35 of 3rd period - Snap shot by Viktor Lodin.
1:35 of 3rd period - Stopped by Emil Larmi with a rebound.
1:37 of 3rd period - Slapshot by Ian McCoshen.
1:37 of 3rd period - Griffins goal is going for a video replay.
1:37 of 3rd period - The goal is good.
1:37 of 3rd period - Goal by Ian McCoshen - Griffins : 4 - Thunderbirds : 3.
1:38 of 3rd period - Christoffer Ehn wins face-off versus Anthony Richard in neutral zone.
3:07 of 3rd period - Wrist shot by Kailer Yamamoto.
3:07 of 3rd period - Shot Blocked by Dylan Blujus.
3:09 of 3rd period - Snap shot by Grigori Denisenko.
3:09 of 3rd period - Deflect By Kailer Yamamoto.
3:09 of 3rd period - Stopped by Emil Larmi with a rebound.
3:11 of 3rd period - Snap shot by Christoffer Ehn.
3:11 of 3rd period - Stopped by Emil Larmi with a rebound.
3:13 of 3rd period - Snap shot by Kailer Yamamoto.
3:13 of 3rd period - Shot Misses the Net.
3:15 of 3rd period - Snap shot by Grigori Denisenko.
3:15 of 3rd period - Shot Misses the Net.
3:17 of 3rd period - Slapshot by Sebastian Ahaut.
3:17 of 3rd period - Stopped by Emil Larmi without a rebound.
3:18 of 3rd period - Dominic Turgeon wins face-off versus Joachim Blichfeld in Thunderbirds zone.
3:43 of 3rd period - Sebastian Ahaut is hit by Henri Jokiharju and loses puck.
4:28 of 3rd period - Minor Penalty to Rasmus Kupari for High sticking.
4:29 of 3rd period - Trent Frederic wins face-off versus Christoffer Ehn in Thunderbirds zone.
4:45 of 3rd period - Slapshot by Sonny Milano.
4:45 of 3rd period - Shot Misses the Net.
5:03 of 3rd period - Slapshot by Kale Clague.
5:03 of 3rd period - Shot Hit the Post.
6:28 of 3rd period - Penalty to Rasmus Kupari is over, Rasmus Kupari is back on ice.
6:41 of 3rd period - Rasmus Kupari is hit by Ian McCoshen.
6:45 of 3rd period - Rasmus Kupari is hit by Mathieu Brodeur.
8:05 of 3rd period - Wrist shot by Trey Fix-Wolansky.
8:05 of 3rd period - Deflect By Sebastian Ahaut.
8:05 of 3rd period - Stopped by Adam Werner with a rebound.
8:07 of 3rd period - Snap shot by Trey Fix-Wolansky.
8:07 of 3rd period - Shot Misses the Net.
8:53 of 3rd period - Wrist shot by Dylan Sikura.
8:53 of 3rd period - Stopped by Adam Werner without a rebound.
8:54 of 3rd period - Viktor Lodin wins face-off versus Anthony Richard in Griffins zone.
10:02 of 3rd period - Icing by Jeremy Lauzon.
10:03 of 3rd period - Rasmus Kupari wins face-off versus Christoffer Ehn in Thunderbirds zone.
10:28 of 3rd period - Joachim Blichfeld is hit by Connor McMichael and loses puck.
11:17 of 3rd period - Wrist shot by Emil Bemstrom.
11:17 of 3rd period - Stopped by Adam Werner with a rebound.
11:30 of 3rd period - Minor Penalty to Trey Fix-Wolansky for Roughing.
11:31 of 3rd period - Trent Frederic wins face-off versus Christoffer Ehn in Thunderbirds zone.
12:05 of 3rd period - Snap shot by Kevin Fiala.
12:05 of 3rd period - Shot Misses the Net.
12:07 of 3rd period - Snap shot by Sonny Milano.
12:07 of 3rd period - Shot Blocked by Pierre Engvall.
12:09 of 3rd period - Slapshot by Dominic Turgeon.
12:09 of 3rd period - Deflect By Sonny Milano.
12:09 of 3rd period - Goal by Sonny Milano - Griffins : 5 - Thunderbirds : 3.
12:10 of 3rd period - Dominic Turgeon wins face-off versus Anthony Richard in neutral zone.
12:35 of 3rd period - Jeremy Lauzon is hit by Joonas Lyytinen and loses puck.
13:06 of 3rd period - Wrist shot by Emil Bemstrom.
13:06 of 3rd period - Shot Misses the Net.
14:07 of 3rd period - Snap shot by Sonny Milano.
14:07 of 3rd period - Shot Misses the Net.
14:19 of 3rd period - Mathieu Brodeur is hit by Artturi Lehkonen and loses puck.
15:36 of 3rd period - Morgan Frost is hit by Emil Bemstrom and loses puck.
16:33 of 3rd period - Slapshot by Jeremy Lauzon.
16:33 of 3rd period - Shot Blocked by Grigori Denisenko.
16:53 of 3rd period - Snap shot by Michael Rasmussen.
16:53 of 3rd period - Stopped by Adam Werner with a rebound.
16:55 of 3rd period - Slapshot by Dylan Sikura.
16:55 of 3rd period - Stopped by Adam Werner with a rebound.
17:12 of 3rd period - Frederic Allard is hit by Mathieu Brodeur and loses puck.
17:40 of 3rd period - Minor Penalty to Samuel Poulin for Delaying the game.
17:41 of 3rd period - Kevin Fiala wins face-off versus Rourke Chartier in Griffins zone.
18:05 of 3rd period - Kevin Fiala is hit by Anthony Richard and loses puck.
19:30 of 3rd period - Joonas Lyytinen is hit by Emil Bemstrom and loses puck.
19:40 of 3rd period - Penalty to Samuel Poulin is over, Samuel Poulin is back on ice.
19:45 of 3rd period - Mathieu Brodeur is hit by Pierre Engvall and loses puck.
Goals for this period are 2 for Griffins vs 0 for Thunderbirds.
Shots for this period are 6 for Griffins vs 11 for Thunderbirds.